 Dungeon Crawl Stone Soup version 0.19.0-20-gbc5f0c6 (webtiles) character file.

12073 Ladykiller69 the Grappler (level 11, 0/107 HPs)
             Began as a Troll Fighter on Nov 16, 2016.
             Was a High Priest of Uskayaw.
             Slain by a worker ant (6 damage)
             ... on level 3 of the Lair of Beasts.
             The game lasted 00:36:03 (8485 turns).

Ladykiller69 the Grappler (Troll Fighter)           Turns: 8485, Time: 00:36:04

Health: 0/107      AC:  8    Str: 26    XL:     11   Next: 57%
Magic:  21/21      EV: 11    Int:  4    God:    Uskayaw [*****.]
Gold:   635        SH:  0    Dex: 12    Spells: 0 memorised, 10 levels left

rFire  . . .     SeeInvis .       - Unarmed
rCold  . . .     Gourm    +     a - +0 robe
rNeg   . . .     Faith    .     j - +1 large shield
rPois  +         Spirit   .     (helmet restricted)
rElec  .         Reflect  .     m - +2 cloak
rCorr  .         Harm     .     (gloves unavailable)
MR     .....                    (boots unavailable)
Stlth  +.........               W - amulet of regeneration
                                U - ring of poison resistance
                                w - ring of magical power

@: confused, lethally poisoned (0 -> -55)
A: unfitting armour, claws 3, fast metabolism 3, gourmand, regeneration 1,
shaggy fur 1, tough skin 2
a: Stomp, Line Pass, Grand Finale, Renounce Religion


You were on level 3 of the Lair of Beasts.
You worshipped Uskayaw.
Uskayaw was noncommittal.
You were very full.

You visited 3 branches of the dungeon, and saw 13 of its levels.

You collected 758 gold pieces.
You spent 123 gold pieces at shops.

Inventory:

Hand Weapons
 N - a +5 whip of electrocution
Missiles
 e - 414 stones (quivered)
 h - 13 javelins
 L - 7 tomahawks
 V - 5 throwing nets
Armour
 a - a +0 robe (worn)
 j - a +1 large shield (worn)
 m - a +2 cloak (worn)
Jewellery
 p - an uncursed ring of ice
 w - a ring of magical power (left claw)
 O - the amulet "Xyippaph" {Reflect *Slow MR++ SH+3 Stlth+}
   (You found it on level 5 of the Dungeon)

   [amulet of reflection]

   It shields you and reflects attacks.
   It affects your resistance to hostile enchantments.
   It may slow you when you take damage.
   It affects your SH (+3).
   It makes you more stealthy.
 U - a ring of poison resistance (right claw)
 W - an amulet of regeneration (around neck)
Wands
 b - a wand of disintegration (17/24)
 c - a wand of hasting (2/9)
 z - a wand of enslavement (13/24)
 C - a wand of iceblast (6/15)
 E - a wand of slowing (15/48)
 P - a wand of disintegration (23/24)
 X - a wand of iceblast (6/15)
Scrolls
 g - a scroll of identify
 i - 4 scrolls of fog
 l - 2 scrolls of remove curse
 s - 2 scrolls of amnesia
 t - 2 scrolls of recharging
 v - a scroll of teleportation
 x - a scroll of torment {unknown}
 M - a scroll of blinking
Potions
 f - 2 potions of lignification
 k - 4 potions of mutation
 n - 3 potions of brilliance
 q - a potion of cancellation
 A - a potion of berserk rage
 F - a potion of flight {unknown}
 G - 4 potions of cure mutation
 H - a potion of haste
 J - a potion of might
 Q - 2 potions of curing {unknown}
 S - a potion of magic {unknown}
Books
 o - a book of Necromancy

   Spells                             Type                      Level
   a - Pain                           Necromancy                   1
   b - Animate Skeleton               Necromancy                   1
   c - Vampiric Draining              Necromancy                   3
   d - Regeneration                   Charms/Necromancy            3
   e - Animate Dead                   Necromancy                   4
   f - Control Undead                 Necromancy                   4
 r - a book of Cantrips

   Spells                             Type                      Level
   a - Confusing Touch                Hexes                        1
   b - Animate Skeleton               Necromancy                   1
   c - Summon Small Mammal            Summoning                    1
   d - Apportation                    Translocation                1
Comestibles
 d - 12 bread rations
 u - 3 slices of pizza
 I - 8 beef jerkies
 K - a royal jelly
 R - 2 meat rations
 T - 8 fruits


   Skills:
 + Level 6.8 Fighting
 + Level 6.8 Dodging
 + Level 8.9 Shields
 * Level 10.8 Unarmed Combat
 * Level 3.7 Invocations


You had 10 spell levels left.
You didn't know any spells.

Dungeon Overview and Level Annotations

Branches:
Dungeon (9/15)             Temple (1/1) D:5            Lair (3/6) D:9
  Snake (0/4) Lair:3
  Swamp: Lair:2-4    Shoals: Lair:2-4       Orc: D:9-12

Altars:
Ashenzari
Dithmenos
Elyvilon
Fedhas
Gozag
Hepliaklqana
Kikubaaqudgha
Nemelex Xobeh
Okawaru
Qazlal
Ru
Sif Muna
Trog
Uskayaw
Vehumet
Yredelemnul
Zin
The Shining One

Shops:
D:5 ?   D:7 *   D:8 (

Annotations:
D:6 1 runed door
Lair:2 exclusion: 3 doors


Innate Abilities, Weirdness & Mutations

You are too large for most types of armour.
You have claws for hands.
Your metabolism is lightning-fast.
You like to eat raw meat.
Your natural rate of healing is unusually fast.
You are covered in fur. (AC +1)
You have very tough skin. (AC +2)


Message History

The worker ant closely misses you. The queen ant stings you!
* * * LOW HITPOINT WARNING * * *
You are more poisoned.
The queen ant poisons you!
You feel much better.
* * * LOW HITPOINT WARNING * * *
You feel extremely sick. The worker ant bites you.
* * * LOW HITPOINT WARNING * * *
The worker ant closely misses you. The queen ant stings you!
* * * LOW HITPOINT WARNING * * *
The worker ant closely misses you. The worker ant bites you.
* * * LOW HITPOINT WARNING * * *
The worker ant barely misses you.
You claw the worker ant!
You kill the worker ant!
* * * LOW HITPOINT WARNING * * *
You feel extremely sick. The worker ant closely misses you.
The worker ant bites you.
You die...

............(##.............P.#..
............#####............###.
....#'a†#.....##.#...........# #.
...##.aa##....####..........## #.
.###..#..###...# ##.........# #.
##...###...##..#####.......## ##
#.... .a..#†aa.####..##P## #
##... a..###aaaa.##..#### #..#.
a#a.###a@###..## ..###
###...##a.#..## .. ....#.....#
### a ..##.....# ###.. ##.>...##
#.... # ##......# ##.. #
#.......# #.#. ## ##......## #...
.#### ####......## ##.#


You could see a queen ant, a soldier ant and 6 worker ants.

Vanquished Creatures
  Urug (Lair:3)
  The ghost of Charly the Severer, a novice MiBe of Trog (D:8)
  Pikel (D:5)
  An elephant (D:9)
  Maurice (D:8)
  3 spiny frogs
  Grinder (D:6)
  4 blink frogs
  A hippogriff (Lair:1)
  7 yaks
  A wraith (D:9)
  A steam dragon (D:8)
  2 basilisks (Lair:3)
  4 nagas (Lair:3)
  5 soldier ants (Lair:3)
  4 water moccasins
  8 porcupines
  2 sky beasts
  A black bear (Lair:3)
  A hornet zombie (D:7)
  The ghost of Philosophy the Chopper, an amateur HOFi (D:3)
  4 ogres
  5 wolves (Lair:3)
  2 phantoms
  8 crocodiles
  2 centaurs
  Blork the orc (D:5)
  2 big kobolds
  7 bullfrogs
  A wyvern zombie (D:9)
  A scorpion (D:8)
  A centaur zombie (D:8)
  6 hounds
  Crazy Yiuf (D:3)
  3 orc priests
  Jessica (D:2)
  4 bullfrog skeletons
  5 iguanas
  Natasha (thrice) (D:2)
  2 orc wizards
  11 worker ants
  6 gnolls
  A howler monkey skeleton (D:8)
  16 adders
  An ooze (D:1)
  2 worms
  A dart slug (D:1)
  A leopard gecko (D:2)
  17 orcs
  2 ball pythons
  2 giant cockroaches
  9 goblins
  9 hobgoblins
  3 jackals
  11 kobolds
  5 quokkas
  5 bats
  2 frilled lizards
  A quokka skeleton (D:4)
  9 rats
224 creatures vanquished.

Vanquished Creatures (others)
  A jelly (D:5)
  A centaur skeleton (D:5)
  A gnoll (D:5)
  A fungus (Lair:3)
4 creatures vanquished.

Grand Total: 228 creatures vanquished

Notes
Turn   | Place    | Note
-------+----------+-------------------------------------------
     0 | D:1      | Ladykiller69 the Troll Fighter began the quest for the Orb.
     0 | D:1      | Reached XP level 1. HP: 22/22 MP: 0/0
   141 | D:1      | Reached XP level 2. HP: 29/29 MP: 1/1
   577 | D:2      | Noticed Natasha
   592 | D:2      | Killed Natasha
   592 | D:2      | Reached XP level 3. HP: 31/36 MP: 2/2
   604 | D:2      | Noticed Natasha
   622 | D:1      | Reached skill level 3 in Unarmed Combat
   685 | D:2      | Noticed Jessica
   694 | D:2      | Killed Jessica
   694 | D:2      | Reached XP level 4. HP: 43/44 MP: 3/3
   936 | D:2      | Killed Natasha
   959 | D:3      | Noticed Philosophy's ghost (amateur HOFi)
  1039 | D:2      | Noticed Natasha
  1047 | D:2      | Killed Natasha
  1047 | D:2      | Reached XP level 5. HP: 40/53 MP: 4/4
  1319 | D:3      | Killed Philosophy's ghost
  1319 | D:3      | Reached skill level 4 in Unarmed Combat
  1752 | D:3      | Found a runed door.
  1756 | D:3      | Noticed Crazy Yiuf
  1764 | D:3      | Killed Crazy Yiuf
  1764 | D:3      | Reached XP level 6. HP: 54/61 MP: 5/5
  2139 | D:4      | Found a sacrificial altar of Ru.
  2163 | D:4      | Found an opulent altar of Gozag.
  2164 | D:4      | Found a shadowy altar of Dithmenos.
  2363 | D:5      | Entered Level 5 of the Dungeon
  2440 | D:5      | Reached XP level 7. HP: 48/67 MP: 6/6
  2470 | D:5      | Found Ihivus's Magic Scroll Shop.
  2473 | D:5      | Bought a scroll of identify for 26 gold pieces
  2473 | D:5      | Bought a scroll of blinking for 97 gold pieces
  2473 | D:5      | Noticed Blork the orc
  2479 | D:5      | Killed Blork the orc
  2479 | D:5      | Reached skill level 5 in Unarmed Combat
  2548 | D:5      | Noticed Pikel
  2559 | D:5      | Killed Pikel
  2559 | D:5      | Reached skill level 5 in Shields
  2559 | D:5      | Reached skill level 6 in Unarmed Combat
  2559 | D:5      | Reached XP level 8. HP: 78/78 MP: 7/7
  2623 | D:5      | Got a glittering jade amulet
  2732 | D:5      | Found a staircase to the Ecumenical Temple.
  2747 | Temple   | Entered the Ecumenical Temple
  2833 | Temple   | Became a worshipper of Uskayaw the Reveler
  2882 | D:5      | Reached * piety under Uskayaw
  2886 | D:5      | Reached ** piety under Uskayaw
  3359 | D:6      | Found a runed door.
  3364 | D:6      | Found a basalt altar of Yredelemnul.
  3386 | D:6      | Noticed Grinder
  3409 | D:6      | Killed Grinder
  3571 | D:6      | Reached skill level 7 in Unarmed Combat
  3576 | D:6      | Reached *** piety under Uskayaw
  3963 | D:7      | Found Woimipp's Serpentskin Sales.
  3968 | D:7      | Reached XP level 9. HP: 84/85 MP: 8/8
  4138 | D:7      | Identified the amulet "Xyippaph" {Reflect *Slow MR++ SH+3 Stlth+} (You found it on level 5 of the Dungeon)
  4659 | D:8      | Reached **** piety under Uskayaw
  4892 | D:8      | Reached skill level 5 in Fighting
  4992 | D:8      | Noticed Charly's ghost (novice MiBe)
  5117 | D:8      | Reached skill level 5 in Dodging
  5211 | D:8      | Found a glowing silver altar of Zin.
  5234 | D:8      | Reached skill level 8 in Unarmed Combat
  5251 | D:8      | Noticed Maurice
  5270 | D:8      | Killed Maurice
  5309 | D:8      | Found Gozea's Antique Weapon Shoppe.
  5761 | D:8      | Killed Charly's ghost
  5822 | D:9      | Reached XP level 10. HP: 67/96 MP: 9/9
  5908 | D:9      | Noticed a cyan ugly thing
  6005 | D:9      | Found a staircase to the Lair.
  6005 | D:9      | Noticed an elephant
  6016 | D:9      | Killed an elephant
  6016 | D:9      | Reached skill level 9 in Unarmed Combat
  6022 | D:9      | Reached ***** piety under Uskayaw
  6042 | Lair:1   | Entered Level 1 of the Lair of Beasts
  6281 | Lair:1   | Noticed a spiny frog
  6290 | Lair:1   | Killed a spiny frog
  6615 | Lair:1   | Reached skill level 10 in Unarmed Combat
  7130 | Lair:2   | Noticed a six-headed hydra
  7248 | Lair:2   | Reached XP level 11. HP: 106/106 MP: 10/10
  7686 | Lair:3   | Noticed Urug
  7722 | Lair:3   | Killed Urug
  7722 | Lair:3   | Reached skill level 1 in Invocations
  7869 | Lair:3   | Found a staircase to the Snake Pit.
  8434 | Lair:3   | Noticed a queen ant
  8483 | Lair:3   | HP: 3/107 [queen ant (10)]
  8485 | Lair:3   | Slain by a worker ant

Skill      XL: |  1  2  3  4  5  6  7  8  9 10 11 |
---------------+----------------------------------+-----
Unarmed Combat | 3 4 6 7 8 10 | 10.8
Fighting       | 3 4 5 6 |  6.8
Dodging        | 3 4 5 6 |  6.8
Shields        | 3 5 7 8 |  8.9
Invocations    | 3 |  3.7

Action                   |  1- 3 |  4- 6 |  7- 9 | 10-12 || total
-------------------------+-------+-------+-------+-------++-------
Melee: Unarmed           |    82 |   161 |   277 |   299 ||   819
Evoke: Wand              |       |       |       |     1 ||     1
  Use: Scroll            |       |       |       |    23 ||    23
       Potion            |       |       |       |     5 ||     5
 Stab: Sleeping          |     1 |       |       |     1 ||     2
       Paralysed         |       |       |     5 |    11 ||    16
  Eat: Chunk             |    12 |    16 |    26 |    28 ||    82
Armor: Robe              |    21 |    30 |    49 |    38 ||   138
Dodge: Dodged            |    21 |    33 |    51 |    75 ||   180
Block: Shield            |    12 |       |       |       ||    12
       Large shield      |    54 |   111 |   175 |   232 ||   572
